 Dungeon Crawl Stone Soup version 0.13.0-29-gdb529de (webtiles) character file.

2544 Lilouch the Ruinous (level 9, -5/45 HPs)
             Began as a Deep Elf Fire Elementalist on Nov 9, 2013.
             Slain by a killer bee (10 damage)
             ... on Level 7 of the Dungeon.
             The game lasted 01:04:45 (6510 turns).

Lilouch the Ruinous (Deep Elf Fire Elementalist)    Turns: 6510, Time: 01:04:46

HP  -5/45        AC  4     Str 10      XL: 9   Next: 17%
MP  28/42        EV 11     Int 24      God:
Gold 251         SH 18     Dex 15      Spells:  5 memorised,  8 levels left

Res.Fire  : . . .   See Invis. : .   O - staff of power
Res.Cold  : . . .   Warding    : .   F - +2 robe
Life Prot.: . . .   Conserve   : +   V - +0 shield
Res.Poison: .       Res.Corr.  : .   (no helmet)
Res.Elec. : .       Clarity    : .   (no cloak)
Sust.Abil.: . .     Spirit.Shd : .   (no gloves)
Res.Mut.  : .       Stasis     : .   (no boots)
Res.Rott. : .       Flight     : .   p - amulet of conservation
Saprovore : . . .                    s - ring of protection from magic
                                     D - +5 ring of strength

@: mildly poisoned, very slightly contaminated, quite resistant to hostile
enchantments, fairly stealthy
A: no striking features
a: no special abilities


You were on level 7 of the Dungeon.
You were hungry.

You visited 1 branch of the dungeon, and saw 7 of its levels.

You collected 231 gold pieces.

Inventory:

Hand weapons
 o - a -1,+1 orcish dagger (quivered)
 I - a -1,+0 orcish spear
 J - a -1,+0 orcish spear
 L - a +0,+0 dagger
 P - a +2,+1 dagger
 U - a +1,+1 spear
 W - a +0,+0 dagger
Missiles
 k - 53 sling bullets
Armour
 e - the cursed +0 chain mail of Treikkubb {Dex+2, unknown}
   (You found it on level 4 of the Dungeon)

   It affects your dexterity (+2).
   It has a curse placed upon it.
 g - a +2 leather armour of magic resistance
 F - a +2 robe (worn)
 V - a +0 shield (worn)
Magical devices
 a - a wand of polymorph (1) {unknown}
Comestibles
 c - 4 bread rations
 f - 3 meat rations
 h - 4 chunks of jackal flesh
Scrolls
 i - 3 scrolls of noise {unknown}
 j - 2 scrolls of enchant weapon II {unknown}
 l - a scroll of blinking {unknown}
 m - a scroll of fog
 n - a scroll of curse weapon {unknown}
 v - 3 scrolls of teleportation {unknown}
 w - a scroll of enchant armour {unknown}
 y - 2 scrolls of remove curse {unknown}
 z - 2 scrolls of magic mapping {unknown}
 A - a scroll of curse armour {unknown}
 C - a scroll of amnesia {unknown}
 Q - 3 scrolls of identify
Jewellery
 p - an amulet of conservation (around neck)
 r - an uncursed ring of protection from magic
 s - a ring of protection from magic (right hand)
 D - a +5 ring of strength (left hand)
 E - an uncursed ring of regeneration {unknown}
 H - an uncursed amulet of resist mutation
 Z - a cursed ring of teleportation {unknown}
Potions
 d - 2 potions of restore abilities {unknown}
 t - a potion of invisibility {unknown}
 u - 3 potions of curing
 B - a potion of paralysis {unknown}
 G - 2 potions of speed {unknown}
 M - a potion of flight {unknown}
 S - a potion of confusion {unknown}
 X - a potion of slowing {unknown}
 Y - a potion of resistance {unknown}
Books
 b - a book of Flames

   Spells                             Type                      Level
   *Flame Tongue                      Conjuration/Fire             1
   *Throw Flame                       Conjuration/Fire             2
   *Conjure Flame                     Conjuration/Fire             3
   Inner Flame                        Hexes/Fire                   3
   *Sticky Flame                      Conjuration/Fire             4
   *Fireball                          Conjuration/Fire             5
Magical staves
 x - an uncursed staff of conjuration
 O - an uncursed staff of power (weapon)


   Skills:
 - Level 2.4 Dodging
 - Level 2.4 Stealth
 - Level 5.0 Shields
 - Level 7.5 Spellcasting
 + Level 7.7 Conjurations
 * Level 6.8 Fire Magic


You had 8 spell levels left.
You knew the following spells:

 Your Spells              Type           Power        Failure   Level  Hunger
a - Flame Tongue          Conj/Fire      #####        1%          1    None
b - Conjure Flame         Conj/Fire      #####...     2%          3    None
c - Sticky Flame          Conj/Fire      #####...     12%         4    ###....
d - Throw Flame           Conj/Fire      #####.       1%          2    None
e - Fireball              Conj/Fire      #####.....   28%         5    ####...


Dungeon Overview and Level Annotations

Branches:
Dungeon (7/27)             Temple (0/1) D:7
    Orc: D:6-11

Altars:
Nemelex Xobeh
Okawaru
Vehumet

Shops:
D:5 (


Message History

You kill the killer bee!
The killer bee stings you but does no damage.
You block the killer bee's attack. The killer bee barely misses you.
The killer bee stings you!
* * * LOW HITPOINT WARNING * * *
You block the killer bee's attack.
Drink which item? (? for menu, Esc to quit)
You feel better. The killer bee stings you. The killer bee closely misses you.
You block the killer bee's attack. The killer bee misses you.
The killer bee stings you. The killer bee barely misses you.
Drink which item? (? for menu, Esc to quit)
You feel better.
You are feeling hungry.
You block the killer bee's attack. The killer bee stings you!
* * * LOW HITPOINT WARNING * * *
You are poisoned.
The killer bee poisons you! The killer bee stings you!
* * * LOW HITPOINT WARNING * * *
You block the killer bee's attack. The killer bee stings you!
You die...

#####+#####
#.........#
#.........###
#.........§§#
#.......k.#§#
#......@k.#§k§k.....
#.......k.###k.....
#.........# ..>...
###'####### >....
#.## #### #.)# ##.#
#.# ####.####


You could see 3 killer bees.

Vanquished Creatures
  The ghost of BoredOne the Prestidigitator, an experienced DDHu of Makhleb (D:6)
  Eustachio (D:7)
  A phantom (D:4)
  2 ice beasts
  A centaur (D:5)
  3 ogres
  2 sky beasts
  Blork the orc (D:7)
  A giant frog (D:6)
  2 killer bees (D:7)
  A jelly (D:5)
  An orc priest (D:3)
  2 hounds (D:6)
  A giant frog skeleton (D:5)
  A centaur skeleton (D:5)
  4 scorpions
  2 orc wizards
  A worker ant (D:5)
  A sky beast zombie (D:6)
  4 gnolls (D:6)
  6 adders
  3 giant mites
  A green rat (D:7)
  2 worms
  A giant eyeball (D:6)
  4 giant geckos
  7 orcs
  A ball python (D:6)
  A bat skeleton (D:5)
  5 giant cockroaches
  A gnoll skeleton (D:4)
  13 goblins
  7 hobgoblins
  19 jackals
  14 kobolds
  5 bats
  5 giant newts
  2 goblin skeletons
  2 quokkas
  13 rats
  A rat skeleton (D:5)
146 creatures vanquished.

Notes
Turn   | Place    | Note
--------------------------------------------------------------
     0 | D:1      | Lilouch, the Deep Elf Fire Elementalist, began the quest for the Orb.
     0 | D:1      | Reached XP level 1. HP: 10/10 MP: 4/4
   186 | D:1      | Reached XP level 2. HP: 15/15 MP: 1/7
   737 | D:2      | Reached XP level 3. HP: 13/19 MP: 1/9
  1279 | D:2      | Reached XP level 4. HP: 24/24 MP: 7/12
  1436 | D:3      | Found an iron altar of Okawaru.
  1565 | D:3      | Found a sparkling altar of Nemelex Xobeh.
  1759 | D:3      | Learned a level 3 spell: Conjure Flame
  1764 | D:3      | Learned a level 4 spell: Sticky Flame
  2151 | D:4      | Got an encrusted chain mail
  2258 | D:4      | Noticed an ogre
  2292 | D:4      | Killed an ogre
  2292 | D:4      | Reached skill level 4 in Conjurations
  2292 | D:4      | Reached XP level 5. HP: 28/28 MP: 1/15
  2545 | D:4      | Reached skill level 5 in Fire Magic
  2918 | D:4      | Learned a level 2 spell: Throw Flame
  2922 | D:4      | Noticed a phantom
  2929 | D:4      | Killed a phantom
  2929 | D:4      | Reached skill level 5 in Conjurations
  2929 | D:4      | Reached XP level 6. HP: 29/32 MP: 7/19
  3293 | D:5      | Entered Level 5 of the Dungeon
  3306 | D:5      | Found a radiant altar of Vehumet.
  3342 | D:5      | Reached skill level 5 in Spellcasting
  3399 | D:5      | Found Gruurradgha's Weapon Emporium.
  3498 | D:5      | Reached XP level 7. HP: 36/36 MP: 14/22
  3565 | D:5      | Reached skill level 6 in Spellcasting
  3885 | D:5      | Reached skill level 7 in Spellcasting
  4708 | D:6      | Noticed BoredOne's ghost (experienced DDHu)
  4758 | D:6      | Killed BoredOne's ghost
  4758 | D:6      | Reached XP level 8. HP: 41/41 MP: 2/25
  4771 | D:6      | Learned a level 5 spell: Fireball
  5023 | D:6      | Paralysed by a giant eyeball for 4 turns
  5784 | D:3      | Reached XP level 9. HP: 31/45 MP: 27/27
  6233 | D:3      | You fall through a shaft!
  6296 | D:7      | Noticed Blork the orc
  6302 | D:7      | Killed Blork the orc
  6363 | D:7      | Noticed Eustachio
  6367 | D:7      | Reached skill level 5 in Shields
  6436 | D:7      | Killed Eustachio
  6498 | D:7      | Found a staircase to the Ecumenical Temple.
  6510 | D:7      | Slain by a killer bee

Action                   |  1- 3 |  4- 6 |  7- 9 || total
-------------------------+-------+-------+-------++-------
Melee: Staff             |       |     3 |     7 ||    10
Throw: Stone             |    32 |     2 |       ||    34
       Dagger            |    25 |    34 |    21 ||    80
       Spear             |       |    19 |     8 ||    27
 Cast: Flame Tongue      |    73 |    73 |   113 ||   259
       Conjure Flame     |       |    11 |    25 ||    36
       Sticky Flame      |       |     2 |     3 ||     5
       Throw Flame       |       |     9 |    42 ||    51
       Fireball          |       |       |     4 ||     4
Evoke: Wand              |       |     7 |       ||     7
  Use: Scroll            |       |     3 |       ||     3
       Potion            |       |       |     3 ||     3
 Stab: Sleeping          |       |     1 |       ||     1
